 Dungeon Crawl Stone Soup version 0.16-a0-3691-gf72e470 (webtiles) character file.

10335 dysrexia the Blocker (level 11, -3/88 (90) HPs)
             Began as a Formicid Fighter on Jan 17, 2015.
             Was an Elder of Okawaru.
             Slain by Snorg (6 damage)
             ... on level 3 of the Lair of Beasts on Jan 18, 2015.
             The game lasted 00:50:31 (12539 turns).

dysrexia the Blocker (Formicid Fighter)            Turns: 12539, Time: 00:50:31

HP:   -3/88 (90)    AC: 18    Str: 24    XL:     11   Next: 91%
MP:   14/15         EV:  9    Int:  7    God:    Okawaru [****..]
Gold: 310           SH: 15    Dex: 15    Spells: 0 memorised, 10 levels left

rFire  . . .     SeeInvis +     N - +1 great sword (elec)
rCold  . . .     Clarity  .     H - +2 chain mail "Thryneo" {MR+ Dex+4}
rNeg   + + .     SustAb   .     c - +0 shield
rPois  +         Gourm    .     (helmet unavailable)
rElec  .         Spirit   .     (no cloak)
rCorr  .         Warding  +     C - +0 pair of gloves
rMut   .         Stasis   +     t - +0 pair of boots
MR     ++...                    K - amulet of warding
Stlth  ..........               q - ring of poison resistance
                                l - ring of positive energy

@: heroism, very resistant to hostile enchantments, extremely unstealthy
A: permanent stasis, dig shafts and tunnels, four strong arms, antennae 3
a: Dig, Shaft Self, Heroism, Renounce Religion


You were on level 3 of the Lair of Beasts.
You worshipped Okawaru.
Okawaru was greatly pleased with you.
You were not hungry.

You visited 3 branches of the dungeon, and saw 12 of its levels.

You collected 554 gold pieces.
You spent 244 gold pieces at shops.

Inventory:

Hand weapons
 N - a +1 great sword of electrocution (weapon)
Missiles
 o - 12 stones (quivered)
Armour
 c - a +0 shield (worn)
 s - a +0 large shield
 t - a +0 pair of boots (worn)
 C - a +0 pair of gloves (worn)
 H - the +2 chain mail "Thryneo" (worn) {MR+ Dex+4}
   (You bought it in a shop on level 6 of the Dungeon)

   It affects your dexterity (+4).
   It affects your resistance to hostile enchantments.
Jewellery
 l - a ring of positive energy (left hand)
 q - a ring of poison resistance (right hand)
 F - an uncursed amulet of resist corrosion
 K - an amulet of warding (around neck)
 L - an uncursed ring of magical power
 Q - an uncursed ring of stealth
Magical devices
 O - a wand of fire (7)
Scrolls
 h - a scroll of fear {unknown}
 j - 4 scrolls of amnesia {unknown}
 m - 3 scrolls of random uselessness {unknown}
 w - 6 scrolls of teleportation {unknown}
 x - 3 scrolls of enchant weapon {unknown}
 y - a scroll of fog {unknown}
 z - 6 scrolls of remove curse
 B - 3 scrolls of identify
 R - a scroll of magic mapping {unknown}
 S - a scroll of acquirement {unknown}
Potions
 a - a potion of invisibility {unknown}
 b - 3 potions of agility
 e - a potion of might
 f - 3 potions of haste
 k - 5 potions of magic
 n - 3 potions of restore abilities
 u - a potion of cure mutation {unknown}
 v - 4 potions of heal wounds {unknown}
 A - a potion of poison {unknown}
 E - 3 potions of flight {unknown}
 G - a potion of cancellation {unknown}
 J - a potion of beneficial mutation {unknown}
Books
 I - a book of Enchantments

   Spells                             Type                      Level
   a - Tukima's Dance                 Hexes                        3
   b - Cause Fear                     Hexes                        4
   c - Silence                        Hexes/Air                    5
   d - Deflect Missiles               Charms/Air                   6
   e - Haste                          Charms                       6
   f - Discord                        Hexes                        8
Comestibles
 d - 6 bread rations
 g - a royal jelly
 i - 3 slices of pizza
 p - 3 chunks of flesh
 r - a meat ration
 D - 5 fruits
 M - 2 beef jerkies


   Skills:
 - Level 10.1(15.1) Fighting
 * Level 10.1(15.1) Long Blades
 - Level 10.0(15.0) Armour
 + Level 0.3(5.3) Dodging
 - Level 11.0(16.0) Shields


You had 10 spell levels left.
You didn't know any spells.

Dungeon Overview and Level Annotations

Branches:
Dungeon (8/15)             Temple (1/1) D:5            Lair (3/8) D:8
  Swamp: Lair:3-6    Shoals: Lair:3-6     Snake: Lair:3-6    Spider: Lair:3-6

Altars:
Cheibriados
Dithmenos
Gozag
Kikubaaqudgha
Makhleb
Nemelex Xobeh
Okawaru
Qazlal
Trog
Xom
The Shining One

Shops:
D:4 *   D:6 [   D:7 ?

Annotations:
Lair:1 Fannar
Lair:3 Snorg


Innate Abilities, Weirdness & Mutations

You are under a permanent stasis effect.
You can dig through walls and to a lower floor.
Your four strong arms can wield two-handed weapons with a shield.
You have a pair of large antennae on your head (SInv).


Message History

You hit Snorg.
Snorg is heavily wounded.
Snorg bites you!! Snorg misses you. Snorg claws you.
You hit Snorg.
Snorg is heavily wounded.
You block Snorg's attack. Snorg claws you but does no damage.
You block Snorg's attack. x2
Snorg closely misses you. Snorg claws you!
You hit Snorg.
Snorg is heavily wounded.
Snorg bites you!!
* * * LOW HITPOINT WARNING * * *
You block Snorg's attack. Snorg claws you!
* * * LOW HITPOINT WARNING * * *
Your shield and chain mail "Thryneo" prevent you from hitting Snorg.
Snorg is heavily wounded.
Snorg bites you.
* * * LOW HITPOINT WARNING * * *
Snorg claws you.
You die...

...#
.....###
........#
.......##
.......##
#......###
#........#
#.@.....#
##T.......#
##.......
#......
#..... #...
..


You could see Snorg (berserk).

Vanquished Creatures
  Erolcha (D:8)
  4 spiny frogs
  2 black mambas (Lair:2)
  3 komodo dragons
  4 blink frogs (Lair:2)
  2 basilisks
  2 yaks
  A wyvern (D:8)
  A hungry ghost (D:8)
  2 hippogriffs (Lair:2)
  9 porcupines
  3 water moccasins (Lair:1)
  2 phantoms (D:7)
  2 orc warriors (D:8)
  2 sky beasts (D:5)
  2 ice beasts
  2 black bears
  2 ogres
  A necrophage (D:7)
  3 centaurs
  3 crocodiles (Lair:2)
  6 giant frogs
  A jelly (D:8)
  A scorpion (D:5)
  4 wights (D:8)
  12 killer bees (D:8)
  3 crimson imps
  A goliath beetle (D:6)
  A centaur zombie (D:6)
  6 orc wizards (D:8)
  A centaur skeleton (D:5)
  2 orc priests
  5 hounds
  A giant frog skeleton (D:6)
  3 iguanas
  6 worker ants
  8 sheep (Lair:2)
  A hound zombie (D:6)
  A hound skeleton (D:4)
  10 river rats
  20 adders
  6 gnolls
  4 shadow imps
  4 worms
  2 adder zombies
  4 giant geckos
  An ooze (D:6)
  30 orcs
  24 bats
  5 giant cockroaches
  14 goblins
  25 hobgoblins
  15 jackals
  A ball python (D:4)
  A giant newt (D:2)
  12 kobolds
  8 quokkas
  A quokka zombie (D:6)
  17 rats
  A fungus (D:8)
  A plant (D:8)
322 creatures vanquished.

Vanquished Creatures (others)
  3 fungi
3 creatures vanquished.

Grand Total: 325 creatures vanquished

Notes
Turn   | Place    | Note
--------------------------------------------------------------
     0 | D:1      | dysrexia, the Formicid Fighter, began the quest for the Orb.
     0 | D:1      | Reached XP level 1. HP: 18/18 MP: 1/1
   133 | D:1      | Reached XP level 2. HP: 24/24 MP: 3/3
   492 | D:1      | Reached XP level 3. HP: 16/29 MP: 4/4
  1082 | D:2      | Reached XP level 4. HP: 32/35 MP: 5/5
  1088 | D:2      | Upgraded the game from 0.16-a0-3668-g5d42bd4 to 0.16-a0-3691-gf72e470
  1214 | D:2      | Reached skill level 4 in Long Blades
  1291 | D:2      | Reached XP level 5. HP: 21/41 MP: 7/7
  1827 | D:3      | Reached skill level 5 in Long Blades
  2085 | D:3      | Found an opulent altar of Gozag.
  2710 | D:3      | Reached XP level 6. HP: 33/47 MP: 8/8
  2868 | D:3      | Found a snail-covered altar of Cheibriados.
  2881 | D:3      | Found a shimmering altar of Xom.
  3053 | D:4      | Found a sparkling altar of Nemelex Xobeh.
  3128 | D:4      | HP: 2/47 [iguana (2)]
  3133 | D:4      | Reached skill level 6 in Long Blades
  3657 | D:4      | Reached XP level 7. HP: 19/52 MP: 9/9
  3963 | D:4      | Reached skill level 7 in Long Blades
  4002 | D:4      | Found Moent's General Store.
  4016 | D:4      | Bought a +0 pair of gloves for 45 gold pieces
  4533 | D:5      | Entered Level 5 of the Dungeon
  4687 | D:5      | Reached skill level 8 in Long Blades
  4748 | D:5      | Reached XP level 8. HP: 27/58 MP: 11/11
  5035 | D:5      | Reached skill level 9 in Long Blades
  5044 | D:5      | Found a staircase to the Ecumenical Temple.
  5057 | Temple   | Entered the Ecumenical Temple
  5066 | Temple   | Became a worshipper of Warmaster Okawaru
  5243 | D:5      | Found a shadowy altar of Dithmenos.
  5814 | D:6      | Found Prunin's Antique Armour Shop.
  5827 | D:6      | Bought an obsidian-encrusted chain mail for 199 gold pieces
  5851 | D:6      | Identified the +2 chain mail "Thryneo" {MR+ Dex+4} (You bought it in a shop on level 6 of the Dungeon)
  5883 | D:6      | Found a burning altar of Makhleb.
  5925 | D:6      | Reached skill level 10 in Long Blades
  6296 | D:6      | Reached XP level 9. HP: 48/67 MP: 12/12
  6434 | D:6      | Reached skill level 5 in Fighting
  6445 | D:6      | Found a shadowy altar of Dithmenos.
  6625 | D:6      | Acquired Okawaru's first power
  6919 | D:7      | Found Caron's Magic Scroll Shop.
  7024 | D:7      | Found an iron altar of Okawaru.
  7034 | D:7      | Got an encrusted chain mail
  7045 | D:7      | Identified the cursed -8 chain mail "Rinehova" {rC- MR+ Int+4 Slay+4} (You found it on level 7 of the Dungeon)
  7299 | D:7      | Found a stormy altar of Qazlal.
  7819 | D:8      | Found a staircase to the Lair.
  7951 | D:8      | Reached XP level 10. HP: 36/82 MP: 13/13
  8197 | D:8      | Reached skill level 10 in Fighting
  8242 | D:8      | Noticed Erolcha
  8252 | D:8      | Killed Erolcha
  8252 | D:8      | Reached skill level 5 in Armour
  8252 | D:8      | Reached skill level 5 in Shields
  8997 | D:8      | HP: 2/83 [ice beast (12)]
  9729 | Lair:1   | Entered Level 1 of the Lair of Beasts
  9846 | Lair:1   | Noticed a spiny frog
  9851 | Lair:1   | Killed a spiny frog
 10061 | Lair:1   | Found an iron altar of Okawaru.
 10070 | Lair:1   | Noticed Fannar
 10143 | Lair:1   | Reached XP level 11. HP: 62/88 MP: 15/15
 10630 | Lair:2   | Got a pitted plate armour
 10651 | Lair:2   | Identified the -5 plate armour of Parts Unknown {-Tele rPois+ MR+ HP+9} (You found it on level 2 of the Lair of Beasts)
 10993 | Lair:2   | Reached skill level 10 in Shields
 12083 | Lair:2   | Reached skill level 10 in Armour
 12083 | Lair:2   | Reached skill level 11 in Shields
 12530 | Lair:3   | Noticed Snorg
 12538 | Lair:3   | HP: 4/88 [Snorg (13)]
 12539 | Lair:3   | Slain by Snorg

Action                   |  1- 3 |  4- 6 |  7- 9 | 10-12 || total
-------------------------+-------+-------+-------+-------++-------
Melee: Long sword        |   151 |   309 |   542 |    22 ||  1024
       Great sword       |       |       |       |   370 ||   370
Throw: Stone             |       |     4 |       |       ||     4
Invok: Heroism           |       |       |       |     7 ||     7
 Abil: Dig               |     1 |       |     5 |     1 ||     7
  Use: Scroll            |       |     5 |     1 |       ||     6
       Potion            |       |       |     1 |     3 ||     4
  Eat: Chunk             |       |    10 |    13 |    16 ||    39
       Beef jerky        |       |       |     1 |       ||     1
